 Dungeon Crawl Stone Soup version 0.18-a0-1577-gf591c28 (webtiles) character file.

34 gullinbursti the Sneak (level 3, -2/24 HPs)
             Began as a Halfling Assassin on Mar 22, 2016.
             Was an Initiate of Nemelex Xobeh.
             Slain by an adder (4 damage)
             ... on level 2 of the Dungeon.
             The game lasted 00:12:03 (2251 turns).

gullinbursti the Sneak (Halfling Assassin)          Turns: 2251, Time: 00:12:03

Health: -2/24      AC:  3    Str: 11    XL:     3   Next: 50%
Magic:  3/3        EV: 14    Int: 10    God:    Nemelex Xobeh [......]
Gold:   14         SH:  0    Dex: 16    Spells: 0 memorised, 2 levels left

rFire  . . .     SeeInvis .     k - +3 dagger
rCold  . . .     Gourm    .     c - +0 robe
rNeg   . . .     Faith    .     (shield restricted)
rPois  .         Spirit   .     (no helmet)
rElec  .         Dismiss  .     d - +0 cloak
rCorr  .         Reflect  .     (no gloves)
SustAt .         Harm     .     (no boots)
MR     .....                    (no amulet)
Stlth  +++.......               (no ring)
                                (no ring)

@: not resistant to hostile enchantments, fairly stealthy
A: mutation resistance 1
a: Renounce Religion


You were on level 2 of the Dungeon.
You worshipped Nemelex Xobeh.
Nemelex Xobeh was noncommittal.
You were not hungry.

You visited 1 branch of the dungeon, and saw 2 of its levels.

You collected 14 gold pieces.

Inventory:

Hand Weapons
 a - a +2 dagger
 b - a +0 blowgun
 j - a +0 dagger
 k - a +3 dagger (weapon)
 m - a +0 whip
 n - a +0 dagger
 q - a +0 dagger
 t - a +0 dagger
 u - a +0 short sword
 w - a +0 dagger
Missiles
 e - 8 poisoned needles
 f - 2 curare-tipped needles
Armour
 c - a +0 robe (worn)
 d - a +0 cloak (worn)
 r - a +0 helmet
 y - a +0 robe
 A - a +0 hat
Scrolls
 o - a scroll of recharging {unknown}
 p - a scroll of noise {unknown}
 s - a scroll of teleportation
 x - a scroll of identify
Potions
 h - a potion of mutation {unknown}
 i - a potion of agility
 l - a potion of flight {unknown}
 v - 2 potions of cure mutation {unknown}
Miscellaneous
 z - a plain deck of defence
Comestibles
 g - a bread ration


   Skills:
 + Level 2.1 Fighting
 + Level 3.2 Short Blades
 + Level 2.2 Throwing
 + Level 1.5 Dodging
 + Level 5.0 Stealth


You had 2 spell levels left.
You didn't know any spells.

Dungeon Overview and Level Annotations

Branches:
Dungeon (2/15)

Altars:
Nemelex Xobeh
The Shining One


Innate Abilities, Weirdness & Mutations

You are small and have problems with some larger weapons.
You are somewhat resistant to further mutation.


Message History

You hit the adder.
The adder is severely wounded.
The adder misses you.
You closely miss the adder.
The adder is severely wounded.
The adder bites you.
* * * LOW HITPOINT WARNING * * *
You hit the adder.
The adder is severely wounded.
The adder barely misses you.
You closely miss the adder.
The adder is severely wounded.
You feel sick.
You are no longer poisoned.
The adder barely misses you.
You closely miss the adder.
The adder is severely wounded.
The adder closely misses you. The adder bites you.
You die...
Your body disappears without a glow.

##.... .. .. ....
..# ##.#. # #.###
#... .# #...
#######..#..###.##
?......s/...##...##
#@# ##.....####.#
#S####.......#..#
#.##....._....<#
#(...#.......###
####.##.....###
..###(..##.## ####
##.##)..##
#....#..#
######.#.#


You could see an adder and a giant cockroach.

Vanquished Creatures
  3 dart slugs
  3 giant geckos (D:1)
  3 bats (D:1)
  2 giant cockroaches (D:1)
  2 hobgoblins
  A ball python (D:1)
  A giant newt (D:1)
  2 goblins (D:1)
  6 kobolds
  2 rats (D:1)
25 creatures vanquished.

Notes
Turn   | Place    | Note
--------------------------------------------------------------
     0 | D:1      | gullinbursti the Halfling Assassin began the quest for the Orb.
     0 | D:1      | Reached XP level 1. HP: 14/14 MP: 1/1
   944 | D:1      | Reached XP level 2. HP: 14/19 MP: 2/2
  1290 | D:1      | Reached XP level 3. HP: 22/24 MP: 3/3
  1649 | D:1      | Reached skill level 5 in Stealth
  1676 | D:1      | Found a sparkling altar of Nemelex Xobeh.
  1738 | D:1      | Became a worshipper of Nemelex Xobeh the Trickster
  2208 | D:2      | Found a glowing golden altar of the Shining One.
  2251 | D:2      | Slain by an adder

Vault maps used:
D:1:      co_arrival_square_in_a_square_in_a_square, nemelex_deck
D:2:      lemuel_round_altar, lemuel_round_altar, trog_three_pillars_becter

Skill      XL: |  1  2  3 |
---------------+----------+-----
Short Blades   | 3 |  3.2
Stealth        | 5 |  5.0
Fighting       | 2 |  2.1
Throwing       | |  2.2
Dodging        | |  1.5

Action                   || total
-------------------------++-------
Melee: Dagger            ||    76
  Use: Scroll            ||     2
       Potion            ||     1
 Stab: Sleeping          ||     5
       Distracted        ||     1
  Eat: Meat ration       ||     1
